 Seeded DCSS version 0.31-a0-496-g6f97920a28 (webtiles) character file.

Game seed: 7415222406553760909 (custom seed)

201 innerfire43 the Changeling (level 5, -9/30 HPs)
             Began as a Demonspawn Monk on Aug 8, 2023.
             Was a Follower of Uskayaw.
             Mangled by an ice beast (10 damage)
             ... on level 3 of the Dungeon.
             The game lasted 00:03:20 (2354 turns).

innerfire43 the Changeling (Demonspawn Monk)        Turns: 2354, Time: 00:03:21

Health: -9/30      AC:  7    Str: 14    XL:     5   Next: 50%
Magic:  5/5        EV: 17    Int: 11    God:    Uskayaw [*.....]
Gold:   175        SH:  0    Dex: 15    Spells: 4/4 levels left

rFire   . .          .
                       - Unarmed
rCold   . . .        c - melded orb {light}
rNeg    . . .        a - +0 robe
rPois   .            (no helmet)
rElec   .            p - +2 cloak
rCorr   .            o - +1 pair of gloves
SInv    .            (no boots)
Will    .....        (no amulet)
Stlth   +            (no ring)
HPRegen 0.25/turn    (no ring)
MPRegen 0.09/turn

%: no passive effects
@: confused, flux-form, ambrosia-drunk, glowing
A: glow, contaminating, reduced hp, spiny 1
a: Begin Untransformation, Renounce Religion, Stomp


You were on level 3 of the Dungeon.
You worshipped Uskayaw.
Uskayaw was noncommittal.
You were something dangerously unstable.
You visited 1 branch of the dungeon, and saw 3 of its levels.

You collected 175 gold pieces.

Inventory:

Armour
 a - a +0 robe (worn)
 c - an orb of light (melded)
 o - a +1 pair of gloves (worn)
 p - a +2 cloak (worn)
Jewellery
 d - a ring of wizardry
 f - a ring of positive energy
 i - a ring of wizardry
 n - a ring of poison resistance
Talismans
 g - a flux talisman (active)
Scrolls
 h - 2 scrolls of teleportation {unknown}
 j - 4 scrolls of identify {unknown}
 l - a scroll of poison {unknown}
 q - 2 scrolls of fog {unknown}
 r - 2 scrolls of fear {unknown}
 s - a scroll of noise {unknown}
Potions
 k - a potion of lignification {unknown}
 m - a potion of mutation {unknown}
 t - a potion of enlightenment {unknown}
 u - a potion of heal wounds {unknown}
 v - a potion of brilliance {unknown}


   Skills:
 - Level 3.0 Fighting
 + Level 3.4 Dodging
 - Level 2.6 Unarmed Combat
 * Level 3.5 Shapeshifting


You had 4 spell levels left.
You didn't know any spells.
Your spell library was empty.

Dungeon Overview and Level Annotations

Branches:
Dungeon (3/15)

Altars:
Dithmenos
Nemelex Xobeh
Qazlal
Uskayaw
Yredelemnul

Shops:
D:1 ?

Annotations:
D:3 1 transporter


Innate Abilities, Weirdness & Mutations

You are something dangerously unstable.
You glow with magical radiation, making you easy to see and hit.
Foes you strike become dangerously contaminated with magical radiation.
Your maximum health is decreased, since you lack skill for your form.
You are incapable of wielding weapons or throwing items.
You are partially covered in sharp spines.


Message History

The iguana hisses menacingly.
The endoplasm freezes you.
You are frozen.
The ice beast misses you.
You hit the endoplasm.
You kill the endoplasm!
The iguana bites you!
* * * LOW HITPOINT WARNING * * *
The ice beast misses you. The shadow imp misses you.
Unknown command.
Press < or > to pray at altars.
You feel better. The iguana barely misses you. The ice beast hits you.
* * * LOW HITPOINT WARNING * * *
The ice beast freezes you!
* * * LOW HITPOINT WARNING * * *
The shadow imp completely misses you.
You are confused.
You feel invigorated. The iguana misses you.
The ice beast hits you but does no damage.
The shadow imp hits you.
* * * LOW HITPOINT WARNING * * *
Unknown command.
Press < or > to pray at altars.
You bump into the translucent stone wall.
The iguana bites you but does no damage.
The ice beast hits you but does no damage.
The shadow imp hits you.
* * * LOW HITPOINT WARNING * * *
The iguana is struck by your spines. The iguana misses you.
There is a stormy altar of Qazlal here.
You hit the ice beast but do no damage.
The ice beast begins to glow.
The ice beast is moderately wounded.
The iguana bites you but does no damage.
The ice beast barely misses you.
You bump into the translucent stone wall.
The iguana is struck by your spines. The iguana bites you!
* * * LOW HITPOINT WARNING * * *
The ice beast hits you.
* * * LOW HITPOINT WARNING * * *
The ice beast freezes you!
You die...

#....##.##8.....8##....#
#....##.#.........#....#
#..>..#.#....©....#....# #####
#.......#.........#....# #...#
#.....#.#........©#....# #...#
#.....#.#.........#....###...#
#.....#.#.........#....'.'....
###.....#..$l$)?..#....###...#
#...#.##85YB_$8##....# #...#
#...#..#########.....# #...#
#...##.....©........(# #...#
#......###...##......# #....
#...##.# ##.###.###### #....
#......# #.# #....#####....
#....######.######..#...(...
####.#.......# ##.#.......
######.#.#####.# #.#.......


You could see an ice beast (contam), an iguana and a shadow imp.

Vanquished Creatures
  A bullfrog (D:3)
  Robin (D:2)
  4 adders
  2 worms
  A dart slug (D:2)
  4 bats
  2 endoplasms
  2 giant cockroaches
  16 goblins
  7 hobgoblins
  12 jackals
  7 quokkas
  5 ball pythons
  4 frilled lizards
  5 kobolds
  4 rats
77 creatures vanquished.

Notes
Turn   | Place    | Note
-------+----------+-------------------------------------------
     0 | D:1      | innerfire43 the Demonspawn Monk began the quest for the
                  | Orb.
     0 | D:1      | Reached XP level 1. HP: 18/18 MP: 1/1
    69 | D:2      | Reached skill level 1 in Shapeshifting
    70 | D:2      | Gained mutation: You are partially covered in sharp spines.
                  | [demonic ancestry]
    70 | D:2      | Reached XP level 2. HP: 17/24 MP: 2/2
   257 | D:1      | Reached XP level 3. HP: 28/29 MP: 3/3
   409 | D:1      | Found Onoqawk's Magic Scroll Emporium.
   904 | D:2      | Noticed Robin
  1007 | D:3      | Reached XP level 4. HP: 8/35 MP: 4/4
  1081 | D:2      | Killed Robin
  1618 | D:3      | Found a hide-covered altar of Uskayaw.
  1621 | D:3      | Noticed a bullfrog
  1625 | D:3      | Found a stormy altar of Qazlal.
  1630 | D:3      | Found a transporter.
  1631 | D:3      | Found a basalt altar of Yredelemnul.
  1636 | D:3      | Found a transporter.
  1648 | D:3      | Noticed an ice beast
  1685 | D:3      | Found a shadowy altar of Dithmenos.
  1750 | D:3      | Found a sparkling altar of Nemelex Xobeh.
  2171 | D:3      | Reached XP level 5. HP: 29/41 MP: 5/5
  2345 | D:3      | Became a worshipper of Uskayaw the Reveller
  2345 | D:3      | Reached * piety under Uskayaw
  2349 | D:3      | HP: 1/30 [ice beast (7)]
  2354 | D:3      | HP: 1/30 [ice beast (2)]
  2354 | D:3      | Mangled by an ice beast

Illustrated notes

Levels and vault maps discovered:
D:1:      spicycebolla_green_bress_n_ham_2, layout_rooms, serial_shops, shop,
          minmay_misc_feat_hallway
D:2:      layout_basic, uniq_robin
D:3:      minmay_evil_eye, layout_basic,
          mainiacjoe_overflow_concentric_impassable, lemuel_tele_altar,
          gammafunk_temple_overflow_arena, nemelex_altar_shiori,
          kennysheep_generic_room_6

Skill      XL: |  1  2  3  4 |
---------------+-------------+-----
Shapeshifting  | 1 2 3 |  3.5
Dodging        | 3 |  3.4
Fighting       | |  3.0
Unarmed Combat | |  2.6

Action                     |  1- 3 |  4- 6 || total
---------------------------+-------+-------++-------
  Melee: Unarmed           |    84 |    56 ||   140
 Invoke: Stomp             |       |     1 ||     1
    Use: Potion            |     1 |     2 ||     3
   Stab: Sleeping          |       |     1 ||     1
 Armour: Robe              |    11 |    16 ||    27
  Dodge: Dodged            |    73 |    54 ||   127
   Form: Flux              |     1 |       ||     1

Table legend: (Time is in decaauts)
 A = Elapsed time spent in this place.
 B = Non-inter-level travel time spent in this place.
 C = Inter-level travel time spent in this place.
 D = Time resting spent in this place.
 E = Time spent auto-exploring this place.
 F = Levels seen in this place.
 G = Mean time per level.
                   A        B        C        D        E       F      G
               +--------+--------+--------+--------+--------+-----+--------+
         Total |   2350 |   2201 |    149 |      0 |   1619 |   3 |  783.3 |
       Dungeon |   2350 |   2201 |    149 |      0 |   1619 |   3 |  783.3 |
               +--------+--------+--------+--------+--------+-----+--------+

Top non-repeatable levels by time:
     D:2: 940 daAuts
     D:3: 909 daAuts
     D:1: 500 daAuts
